 Dungeon Crawl Stone Soup version 0.23.0-3-gf3c87f2df8 (webtiles) character file.

Game seed: 3103930608855964596

500 Ivernyr the Changer (level 7, -5/32 HPs)
             Began as a Vine Stalker Transmuter on Feb 22, 2019.
             Was a Believer of Cheibriados.
             Killed from afar by Dowan (16 damage)
             ... with a shard of ice
             ... on level 4 of the Dungeon.
             The game lasted 00:11:36 (3897 turns).

Ivernyr the Changer (Vine Stalker Transmuter)       Turns: 3897, Time: 00:11:37

Health: -5/32      AC:  2    Str: 17    XL:     7   Next: 16%
Magic:  0/13       EV: 13    Int: 19    God:    Cheibriados [**....]
Gold:   302        SH:  0    Dex: 18    Spells: 7/13 levels left

rFire    . . .     SeeInvis .     - Unarmed
rCold    . . .     Gourm    .   (no shield)
rNeg     . . .     Faith    .   b - +0 robe
rPois    +         Spirit   +   (no helmet)
rElec    .         Reflect  .   (no cloak)
rCorr    .         Harm     .   (no gloves)
MR       +....                  (no boots)
Stlth    ++........             f - amulet of the acrobat
HPRegen  0.50/turn              i - ring of protection from magic
MPRegen  0.13/turn              p - ring of poison resistance

@: very slow
A: fangs 2, regeneration 1, magic shield, antimagic bite, no potion heal 3, rot
immunity
a: Bend Time, Renounce Religion


You were on level 4 of the Dungeon.
You worshipped Cheibriados.
Cheibriados was pleased with you.
You were not hungry.

You visited 1 branch of the dungeon, and saw 4 of its levels.

You collected 302 gold pieces.

Inventory:

Missiles
 a - 100 arrows
Armour
 b - a +0 robe (worn)
Jewellery
 f - an amulet of the acrobat (around neck)
 i - a ring of protection from magic (left hand)
 p - a ring of poison resistance (right hand)
Scrolls
 c - a scroll of teleportation {unknown}
 e - a scroll of noise {unknown}
 g - 5 scrolls of identify {unknown}
 k - 2 scrolls of magic mapping {unknown}
 q - a scroll of enchant weapon {unknown}
 r - 2 scrolls of remove curse {unknown}
 s - a scroll of random uselessness {unknown}
 v - a scroll of enchant armour {unknown}
Potions
 h - a potion of haste {unknown}
 j - a potion of flight {unknown}
 l - 2 potions of heal wounds {unknown}
 m - a potion of mutation {unknown}
 n - 5 potions of curing
 o - 2 potions of lignification {unknown}
 t - a potion of brilliance {unknown}
 u - a potion of resistance {unknown}
Comestibles
 d - 3 rations


   Skills:
 - Level 0.8 Fighting
 - Level 2.0 Dodging
 + Level 4.4 Unarmed Combat
 + Level 3.9 Spellcasting
 * Level 5.0 Transmutations
 + Level 2.4 Invocations


You had 7 spell levels left.
You knew the following spells:

 Your Spells              Type           Power        Failure   Level  Hunger
a - Beastly Appendage     Tmut           ###...       1%          1    None
b - Sticks to Snakes      Tmut           ###.....     2%          2    ##.....
c - Spider Form           Tmut/Pois      ##........   16%         3    ###....

Your spell library contained the following spells:

 Spells                   Type           Power        Failure   Level  Hunger
 Blade Hands              Tmut           ###.......   43%         5    ######.
 Ice Form                 Ice/Tmut       ##......     45%         4    ####...


Dungeon Overview and Level Annotations

Branches:
Dungeon (4/15)
 Temple: D:4-7

Altars:
Cheibriados

Annotations:
D:4 Dowan


Innate Abilities, Weirdness & Mutations

You have extremely sharp teeth.
Your natural rate of healing is unusually fast.
When hurt, damage is shared between your health and your magic reserves.
Your bite disrupts and absorbs the magic of your enemies.
Potions cannot restore your health.
You are immune to rotting.


Message History

Dowan zaps a wand.
The puff of flame hits you.
You closely miss Dowan.
Dowan is moderately wounded.
Your transformation has ended.
Your +0 robe unmelds from your body.
Dowan casts a spell at you. The stone arrow misses you.
Casting: Sticks to Snakes (safe; 2% risk of failure)
Confirm with . or Enter, or press ? or * to list all spells.
You create a snake!
You now have 100 arrows.
Dowan hits you with a +0 dagger of flaming.
Dowan burns you.
Dowan casts a spell.
Dowan blinks!
You hit Dowan. You bite Dowan, but do no damage.
Dowan is moderately wounded.
Dowan casts a spell at you. The shard of ice hits you!
Ouch! That really hurt!
You die...

#.#.....# ....
###.#######.....
#...#...........
#.###........... #.#
#...........
#.###...........
#S##).........##
#e##..........#
######@##..........#
#......ยง)..........#
#.##################


You could see Dowan and a friendly ball python.

Vanquished Creatures
  Grinder (D:4)
  Duvessa (D:4)
  Blork the orc (D:4)
  A howler monkey (D:4)
  2 adders (D:2)
  An ooze (D:3)
  A worm (D:2)
  A dart slug (D:1)
  4 leopard geckos (D:3)
  8 orcs
  5 giant cockroaches
  5 goblins
  7 hobgoblins
  3 quokkas
  7 bats
  7 frilled lizards
  12 kobolds
  A quokka skeleton (D:2)
  4 rats
72 creatures vanquished.

Vanquished Creatures (others)
  2 plants (D:3)
  4 toadstools (D:2)
6 creatures vanquished.

Grand Total: 78 creatures vanquished

Notes
Turn   | Place    | Note
-------+----------+-------------------------------------------
     0 | D:1      | Ivernyr the Vine Stalker Transmuter began the quest for the
                  | Orb.
     0 | D:1      | Reached XP level 1. HP: 9/9 MP: 4/4
   180 | D:1      | Reached XP level 2. HP: 9/14 MP: 6/6
   509 | D:1      | Learned a level 2 spell: Sticks to Snakes
   726 | D:1      | Reached XP level 3. HP: 16/17 MP: 5/7
   773 | D:1      | Learned a level 3 spell: Spider Form
  1879 | D:2      | Found a snail-covered altar of Cheibriados.
  1887 | D:2      | Became a worshipper of Cheibriados the Contemplative
  1995 | D:2      | Reached skill level 3 in Transmutations
  2291 | D:2      | Gained mutation: Your natural rate of healing is unusually
                  | fast. [Vine Stalker growth]
  2291 | D:2      | Reached XP level 4. HP: 21/21 MP: 9/9
  2774 | D:3      | Reached * piety under Cheibriados
  3463 | D:4      | Reached skill level 1 in Invocations
  3463 | D:4      | Reached XP level 5. HP: 25/25 MP: 10/10
  3505 | D:4      | Reached ** piety under Cheibriados
  3525 | D:4      | Noticed Grinder
  3544 | D:4      | Paralysed by Grinder for 6 turns
  3558 | D:4      | Killed Grinder
  3558 | D:4      | Reached skill level 4 in Transmutations
  3558 | D:4      | Reached XP level 6. HP: 26/29 MP: 7/12
  3853 | D:4      | Noticed Blork the orc
  3862 | D:4      | Killed Blork the orc
  3868 | D:4      | Noticed Duvessa
  3872 | D:4      | Noticed Dowan
  3885 | D:4      | Killed Duvessa
  3885 | D:4      | Reached skill level 5 in Transmutations
  3885 | D:4      | Reached XP level 7. HP: 13/32 MP: 3/13
  3897 | D:4      | Killed from afar by Dowan

Skill      XL: |  1  2  3  4  5  6 |
---------------+-------------------+-----
Dodging        | 2 |  2.0
Transmutations | 3 4 5 |  5.0
Spellcasting   | 3 |  3.9
Invocations    | 1 2 |  2.4
Unarmed Combat | 4 |  4.4
Fighting       | |  0.8

Action                   |  1- 3 |  4- 6 |  7- 9 || total
-------------------------+-------+-------+-------++-------
Melee: Unarmed           |   118 |   126 |     4 ||   248
       Bite              |    32 |    29 |     1 ||    62
       Punch             |     2 |     1 |       ||     3
       Headbutt          |       |     2 |       ||     2
 Cast: Beastly Appendage |     3 |     1 |       ||     4
       Spider Form       |       |     4 |       ||     4
       Sticks to Snakes  |       |     1 |     2 ||     3
  Use: Potion            |     2 |       |       ||     2
 Stab: Sleeping          |     2 |       |       ||     2
  Eat: Ration            |     1 |     1 |       ||     2
       Chunk             |     1 |     1 |       ||     2
Armor: Robe              |    26 |    14 |       ||    40
Dodge: Dodged            |    98 |    77 |     4 ||   179
